 Dungeon Crawl Stone Soup version 0.21-b1-23-g1fb0a74c36 (webtiles) character file.

87983 Cecky the Warrior (level 15, -8/143 HPs)
             Began as a Hill Orc Fighter on Jan 6, 2018.
             Was the Champion of Yredelemnul.
             Killed from afar by a balrug (51 damage)
             ... with a bolt of fire
             ... summoned by Asterion
             ... on level 3 of the Snake Pit.
             The game lasted 01:50:14 (30683 turns).

Cecky the Warrior (Hill Orc Fighter)               Turns: 30683, Time: 01:50:15

Health: -8/143     AC: 23    Str: 26    XL:     15   Next: 92%
Magic:  18/25      EV: 12    Int:  6    God:    Yredelemnul [******]
Gold:   1989       SH: 14    Dex: 14    Spells: 14/14 levels left

rFire    . . .     SeeInvis +   a - +1 war axe (freeze)
rCold    . . .     Gourm    .   c - +0 shield
rNeg     . . .     Faith    +   Z - +5 scale mail "Xytaar" {Str+2 Slay+2}
rPois    +         Spirit   .   k - +1 helmet
rElec    .         Reflect  .   V - +2 cloak of the Thief {+Fog Slay-2 SInv Stlth+}
rCorr    .         Harm     .   D - +0 pair of gloves
MR       +....                  m - +0 pair of boots
Stlth    ++........             i - amulet of faith
HPRegen  0.33/turn              z - ring of see invisible
MPRegen  0.19/turn              R - ring of poison resistance

@: wreathed by umbra
A: fangs 1, dopey 1, strong 1
a: Recall Undead Slaves, Injury Mirror, Animate Dead, Drain Life, Enslave Soul,
Renounce Religion, Evoke Fog


You were on level 3 of the Snake Pit.
You worshipped Yredelemnul.
Yredelemnul was exalted by your worship.
You were very hungry.

You visited 5 branches of the dungeon, and saw 26 of its levels.

You collected 2498 gold pieces.
You spent 509 gold pieces at shops.

Inventory:

Hand Weapons
 a - a +1 war axe of freezing (weapon)
 u - a +0 blowgun
Missiles
 v - 122 poisoned needles
 G - 4 curare-tipped needles
Armour
 c - a +0 shield (worn)
 k - a +1 helmet (worn)
 m - a +0 pair of boots (worn)
 t - a +0 large shield
 D - a +0 pair of gloves (worn)
 V - the +2 cloak of the Thief (worn) {+Fog Slay-2 SInv Stlth+}
   (You bought it in a shop on level 1 of the Orcish Mines)

   It affects your accuracy and damage with ranged weapons and melee attacks
   (-2).
   It lets you see invisible.
   It makes you more stealthy.
 Z - the +5 scale mail "Xytaar" (worn) {Str+2 Slay+2}
   (You found it on level 13 of the Dungeon)

   It affects your strength (+2).
   It affects your accuracy and damage with ranged weapons and melee attacks
   (+2).
Jewellery
 i - an amulet of faith (around neck)
 z - a ring of see invisible (left hand)
 R - a ring of poison resistance (right hand)
 Y - an uncursed ring of protection from cold
Wands
 e - a wand of iceblast (11)
 n - a wand of scattershot (11)
 J - a wand of acid (7)
 N - a wand of digging (18)
 W - a wand of clouds (17)
 X - a wand of disintegration (17)
Scrolls
 d - a scroll of identify
 g - 2 scrolls of enchant weapon {unknown}
 j - a scroll of summoning {unknown}
 l - 5 scrolls of fear
 o - 4 scrolls of enchant armour {unknown}
 p - 4 scrolls of magic mapping {unknown}
 r - 11 scrolls of teleportation
 s - 4 scrolls of amnesia {unknown}
 w - 5 scrolls of remove curse
 x - 3 scrolls of fog {unknown}
 y - a scroll of immolation {unknown}
 C - a scroll of torment {unknown}
 E - a scroll of brand weapon {unknown}
 F - a scroll of noise {unknown}
 K - a scroll of vulnerability {unknown}
 P - 3 scrolls of blinking {unknown}
 U - 2 scrolls of holy word {unknown}
Potions
 b - a potion of might
 h - 2 potions of flight
 q - 2 potions of ambrosia
 A - 2 potions of mutation
 B - 3 potions of agility
 H - 5 potions of magic
 L - 2 potions of degeneration {unknown}
 M - a potion of lignification
 Q - 4 potions of haste
 S - a potion of curing
 T - 2 potions of brilliance
Miscellaneous
 I - a box of beasts
Comestibles
 f - 27 rations


   Skills:
 - Level 15.7 Fighting
 - Level 15.4(15.8) Axes
   Level 4.9(10.1) Maces & Flails
 - Level 11.9 Armour
 - Level 3.1 Dodging
 - Level 1.2 Stealth
 * Level 14.7 Shields
 - Level 14.1 Invocations


You had 14 spell levels left.
You didn't know any spells.

Dungeon Overview and Level Annotations

Branches:
Dungeon (14/15)            Temple (1/1) D:7            Lair (6/6) D:8
 Shoals (0/4) Lair:2        Snake (3/4) Lair:3        Slime (0/5) Lair:6
    Orc (2/2) D:10            Elf (0/3) Orc:2        Vaults (0/5) D:13

Altars:
Ashenzari
Cheibriados
Dithmenos
Elyvilon
Fedhas
Gozag
Hepliaklqana
Kikubaaqudgha
Makhleb
Nemelex Xobeh
Okawaru
Qazlal
Ru
Sif Muna
Trog
Uskayaw
Vehumet
Wu Jian
Xom
Yredelemnul
Zin
The Shining One
Beogh
Jiyva

Shops:
D:5 *[}   D:7 (   Orc:1 [   Orc:2 *?([!   Snake:2 ?}[

Portals:
Abyss: D:9
Trove: D:11 (give 17 scrolls of identify)

Annotations:
D:11 1 runed door, exclusion: 4 orange crystal statues


Innate Abilities, Weirdness & Mutations

You have very sharp teeth.
You are dopey. (Int -2)
Your muscles are strong. (Str +2)


Message History

You hit Asterion but do no damage.
Asterion is severely wounded.
You hit the balrug. You freeze the balrug.
Asterion blocks your profane servitor's attack. x2
Asterion barely misses your profane servitor.
Asterion gores your profane servitor.
The balrug hits you with a demon whip of venom!
You are engulfed in flames!!
Nikola hits the balrug with a rapier of electrocution!
Your flayed ghost stares at Asterion with tortured malice.
Your vampire knight hits Asterion from afar with a bardiche!!
Your ghoul claws Asterion but does no damage.
Your ghoul claws Asterion!
Nikola is freed.
Asterion's soul is now yours.
You swap places.
The balrug gestures at you. The bolt of fire hits you!
You die...
Your body rises from the dead as a mindless zombie.

!.....##.#.#
........#.#.#
........#...####
...............
.............#.#
.........)....
........2A.#
......).Z@#
........n.#
....##.#VV## ..
#.#..V# #.##.V##
#. ##zW# ##
#..## ........#
###..# ........#
#.#..#


You could see a balrug, a friendly profane servitor, a friendly ghoul, a
friendly vampire knight, a friendly skeletal warrior, a friendly flayed ghost,
the friendly Asterion the spectral minotaur and 3 friendly vampires.

Vanquished Creatures
  Aizul (Snake:2)
  Azrael (Orc:2)
  The ghost of RKaid the Pandemonic, a journeyman DDIE of Makhleb (Lair:3)
  3 naga warriors
  2 hydras
  An anaconda (Snake:2)
  The ghost of NihilVerum the Scholar of Death, a novice DDNe of Kikubaaqudgha (D:8)
  3 two-headed ogres
  2 shock serpents (Snake:1)
  2 naga sharpshooters
  2 salamander mystics
  A naga ritualist (Snake:2)
  A wizard (D:9)
  Pikel (D:7)
  2 orc knights
  A mana viper (Snake:2)
  A cyclops (D:12)
  2 orc sorcerers
  2 salamanders (Snake:2)
  3 manticores
  13 black mambas
  2 naga magi (Snake:1)
  2 centaur zombies (D:11)
  A molten gargoyle (Lair:6)
  6 elephants
  4 spiny frogs
  Joseph (D:7)
  A rime drake (Lair:6)
  2 komodo dragons (Lair:6)
  A polar bear (Lair:5)
  7 trolls
  5 slime creatures
  A hornet (D:12)
  3 hippogriffs
  7 blink frogs
  A spriggan (D:7)
  25 yaks
  2 wraiths
  2 hungry ghosts
  4 wyverns
  2 basilisks (Lair:6)
  A hog (Lair:5)
  3 vampire mosquitoes (D:12)
  9 water moccasins
  4 wargs
  7 nagas
  An acid dragon (D:12)
  2 porcupines
  5 ice beasts
  3 hell hounds (Orc:2)
  7 orc warriors
  2 slaves (D:7)
  2 eyes of draining
  4 black bears
  A sky beast (D:10)
  10 ogres
  3 crocodiles
  13 wolves
  8 centaurs
  3 big kobolds
  8 bullfrogs
  4 scorpions
  A wyvern skeleton (D:14)
  11 killer bees
  8 wights
  2 electric eels
  2 lava snakes
  7 howler monkeys
  5 crimson imps
  3 bullfrog zombies
  8 hounds
  10 orc priests
  A quasit (D:11)
  2 centaur skeletons
  A gnoll shaman (D:7)
  2 jellies
  13 orc wizards
  A bullfrog skeleton (D:12)
  Terence (D:3)
  2 iguanas
  Natasha (thrice) (D:3)
  8 worker ants
  A hound zombie (D:6)
  A hound skeleton (D:5)
  Robin (D:3)
  A worker ant zombie (D:11)
  13 gnolls
  A howler monkey skeleton (D:10)
  18 adders
  3 shadow imps
  An ooze (D:2)
  2 adder zombies
  An adder skeleton (D:4)
  2 worms
  A dart slug (D:5)
  5 leopard geckos
  52 orcs
  A giant cockroach (D:2)
  10 hobgoblins
  30 kobolds
  2 quokkas
  2 ball pythons
  4 bats
  A frilled lizard (D:4)
  17 goblins
  A leopard gecko skeleton (D:5)
  A leopard gecko zombie (D:6)
  3 rats
  A fire vortex (Lair:4)
492 creatures vanquished.

Vanquished Creatures (collateral kills)
  Rupert (D:13)
  Kirke (Lair:5)
  A nagaraja (Snake:2)
  The ghost of emsyzz the Warrior, a journeyman MiFi of Okawaru (Orc:2)
  The ghost of emsyzz the Carver, a journeyman MiFi of Okawaru (Lair:5)
  Snorg (D:13)
  An ettin (Orc:1)
  A fire dragon (Lair:6)
  7 hydras
  8 naga warriors
  A catoblepas (D:13)
  3 centaur warriors
  4 anacondas
  2 two-headed ogres
  6 naga sharpshooters
  2 orc high priests (Orc:2)
  Sonja (D:13)
  A fire crab (shapeshifter) (D:13)
  A salamander mystic (Snake:2)
  A skeletal warrior (D:11)
  3 naga ritualists
  A lindwurm (Lair:6)
  A phantasmal warrior (D:11)
  A deep elf mage (D:12)
  A manticore (D:12)
  3 orc knights (Orc:2)
  3 orc sorcerers (Orc:2)
  3 mana vipers (Snake:1)
  5 salamanders
  An oklob plant (Lair:6)
  A cyclops (D:14)
  A centaur zombie (D:13)
  A guardian serpent (Snake:1)
  16 black mambas
  2 molten gargoyles (Lair:6)
  10 elephants
  6 spiny frogs
  7 naga magi
  3 komodo dragons
  2 rime drakes
  3 polar bears
  3 trolls
  6 blink frogs
  4 hippogriffs
  2 slime creatures (D:12)
  A blink frog (shapeshifter) (D:13)
  18 yaks
  A spriggan (shapeshifter) (D:13)
  3 hogs (Lair:5)
  2 wyverns (Lair:6)
  2 fire elementals (Orc:2)
  A steam dragon (Lair:6)
  4 basilisks
  14 nagas
  10 water moccasins
  A warg (Orc:2)
  5 hell hounds
  5 porcupines
  11 orc warriors
  2 sky beasts (D:13)
  4 centaurs
  4 ogres
  17 wolves
  4 crocodiles
  A big kobold (D:14)
  5 bullfrogs
  2 killer bees
  A howler monkey (D:12)
  An electric eel (Lair:4)
  2 crimson imps
  A lava snake (Lair:6)
  A hound (D:9)
  A jelly (D:14)
  3 orc priests (Orc:2)
  9 orc wizards
  3 adders
  2 shadow imps
  19 orcs
  A ball python (Lair:3)
  2 kobolds (D:14)
  A kobold zombie (D:11)
  32 fungi
  20 plants
350 creatures vanquished.

Vanquished Creatures (others)
  2 skeletal warriors
  A flayed ghost (Lair:6)
  A spectral spriggan (Orc:2)
  3 flying skulls
  A black mamba zombie (Snake:2)
  A black mamba skeleton (Snake:2)
  3 vampires
  5 wraiths
  A hell hound (Orc:2)
  3 naga zombies (Snake:2)
  A hornet zombie (D:12)
  2 elephant zombies (Lair:6)
  A human (D:8)
  A centaur (Lair:1)
  A manticore zombie (D:12)
  An elephant skeleton (Lair:6)
  A rime drake zombie (Lair:6)
  A wyvern zombie (D:12)
  6 water moccasin zombies
  A cyclops zombie (D:12)
  A yak zombie (D:10)
  2 yak skeletons (D:10)
  2 wights
  2 wolf zombies
  A centaur zombie (D:9)
  A black bear zombie (D:9)
  4 killer bee zombies (D:10)
  An ogre zombie (D:10)
  A sky beast zombie (D:10)
  A big kobold zombie (D:9)
  A hound zombie (D:11)
  A mummy (D:12)
  A howler monkey zombie (D:11)
  2 scorpion zombies
  An adder zombie (D:10)
  A ball python zombie (Lair:3)
  A gnoll zombie (D:11)
  2 kobold zombies (D:11)
  9 orc zombies
  A bush (Lair:3)
  4 fungi
  7 plants
84 creatures vanquished.

Grand Total: 926 creatures vanquished

Notes
Turn   | Place    | Note
-------+----------+-------------------------------------------
     0 | D:1      | Cecky the Hill Orc Fighter began the quest for the Orb.
     0 | D:1      | Reached XP level 1. HP: 19/19 MP: 1/1
   170 | D:1      | Reached XP level 2. HP: 27/27 MP: 2/2
   626 | D:2      | Reached XP level 3. HP: 33/33 MP: 3/3
  1012 | D:2      | Reached XP level 4. HP: 27/40 MP: 4/4
  1696 | D:3      | Reached XP level 5. HP: 28/46 MP: 5/5
  1856 | D:3      | Noticed Natasha
  1874 | D:3      | Killed Natasha
  1959 | D:3      | Noticed Natasha
  1974 | D:3      | Killed Natasha
  1974 | D:3      | Reached skill level 5 in Axes
  1984 | D:3      | Noticed Natasha
  2152 | D:3      | Killed Natasha
  2228 | D:3      | Noticed Terence
  2238 | D:3      | Killed Terence
  2238 | D:3      | Reached XP level 6. HP: 53/53 MP: 6/6
  2240 | D:3      | Noticed Robin
  2259 | D:3      | Killed Robin
  3226 | D:4      | Reached skill level 5 in Fighting
  3226 | D:4      | Reached XP level 7. HP: 58/61 MP: 7/7
  3354 | D:4      | Found a burning altar of Makhleb.
  3384 | D:4      | Noticed a water elemental
  3386 | D:4      | Found a stormy altar of Qazlal.
  3388 | D:4      | Noticed a fire elemental
  3388 | D:4      | Noticed an air elemental
  3459 | D:5      | Entered Level 5 of the Dungeon
  3734 | D:5      | Found Huudghogo's Gadget Emporium.
  3789 | D:5      | Found a shattered altar of Ashenzari.
  3864 | D:5      | Found Ripa Moo's Assorted Antiques.
  3979 | D:5      | Reached skill level 5 in Shields
  4187 | D:5      | Found Romonops's Antique Armour Shop.
  4327 | D:6      | Reached XP level 8. HP: 61/70 MP: 8/8
  4864 | D:6      | Reached skill level 10 in Axes
  4976 | D:6      | Found an iron altar of Okawaru.
  5094 | D:6      | Got a faintly glowing hand axe
  6090 | D:7      | Got a crude rapier
  6091 | D:7      | Identified the cursed +1 rapier of Punishment {pierce, Fragile rF+ Str+4 Dex+3} (You found it on level 7 of the Dungeon)
  6197 | D:7      | Reached XP level 9. HP: 78/78 MP: 9/9
  6204 | D:7      | Noticed Joseph
  6242 | D:7      | Killed Joseph
  6616 | D:7      | Found a staircase to the Ecumenical Temple.
  6721 | D:7      | Noticed Pikel
  6983 | Temple   | Entered the Ecumenical Temple
  7292 | Temple   | Became a worshipper of Yredelemnul the Dark
  7612 | D:7      | Found Coaxt's Antique Weapon Emporium.
  7620 | D:7      | Bought a runed war axe for 208 gold pieces
  7715 | D:7      | Killed Pikel
  7715 | D:7      | Reached XP level 10. HP: 74/90 MP: 10/10
  7803 | D:8      | Found a staircase to the Lair.
  7803 | D:8      | Noticed NihilVerum's ghost (novice DDNe)
  8013 | D:8      | Reached skill level 1 in Stealth
  8209 | D:8      | Noticed a two-headed ogre
  8299 | D:7      | Reached * piety under Yredelemnul
  8648 | D:8      | Killed NihilVerum's ghost
  8973 | D:8      | Killed a two-headed ogre
  9296 | D:8      | Found a blossoming altar of Fedhas.
  9312 | D:8      | Found an ancient bone altar of Kikubaaqudgha.
  9366 | D:8      | Reached skill level 1 in Invocations
  9801 | D:9      | Reached skill level 10 in Fighting
  9906 | D:9      | Noticed a wizard
  9940 | D:9      | Killed a wizard
  9940 | D:9      | Reached XP level 11. HP: 28/100 MP: 11/13
 10309 | D:9      | Reached ** piety under Yredelemnul
 10578 | D:9      | Noticed a hell beast
 10578 | D:9      | Found a one-way gate to the infinite horrors of the Abyss.
 10961 | D:9      | Found a roughly hewn altar of Beogh.
 10971 | D:9      | Reached *** piety under Yredelemnul
 11387 | D:10     | Entered Level 10 of the Dungeon
 11796 | D:10     | Reached skill level 15 in Axes
 12093 | D:10     | Received a gift from Yredelemnul (a wight)
 12302 | D:10     | Found a staircase to the Orcish Mines.
 12451 | D:10     | Noticed a two-headed ogre
 12614 | D:9      | Killed a two-headed ogre
 12614 | D:9      | Reached skill level 5 in Invocations
 13423 | D:10     | Reached **** piety under Yredelemnul
 13429 | D:10     | Reached skill level 10 in Shields
 13643 | D:11     | Noticed an orange crystal statue
 13753 | Lair:1   | Entered Level 1 of the Lair of Beasts
 13796 | Lair:1   | Noticed a six-headed hydra
 13957 | D:11     | Noticed a manticore
 13973 | D:11     | Killed a manticore
 14193 | D:11     | Received a gift from Yredelemnul (a wight)
 14519 | D:11     | Found the +10 large shield of Ignorance {rN+ Int-4}
 14524 | D:11     | Found a runed door.
 14550 | D:11     | Received a gift from Yredelemnul (a wraith)
 14568 | D:11     | Found a runed door.
 14685 | D:11     | Found a portal to a secret trove of treasure.
 15102 | D:12     | Reached XP level 12. HP: 110/110 MP: 16/16
 15316 | D:12     | Reached skill level 5 in Armour
 15939 | D:12     | Reached ***** piety under Yredelemnul
 15974 | D:12     | Received a gift from Yredelemnul (a mummy)
 16799 | D:12     | Received a gift from Yredelemnul (a vampire)
 17288 | D:8      | Got a crude mace {flame}
 17289 | D:8      | Identified the +6 mace "Xuly" {flame, rElec Int+2} (You took it off an orc wizard on level 8 of the Dungeon)
 17458 | Lair:1   | Noticed a four-headed hydra
 17465 | Lair:1   | Killed a four-headed hydra
 17609 | Lair:1   | Reached skill level 1 in Maces & Flails
 18073 | Lair:1   | Found a blossoming altar of Fedhas.
 18580 | Lair:2   | Received a gift from Yredelemnul (a wraith)
 18674 | Lair:2   | Noticed a six-headed hydra
 18686 | Lair:2   | Killed a six-headed hydra
 18698 | Lair:2   | Found a staircase to the Shoals.
 18733 | Lair:2   | Reached XP level 13. HP: 94/119 MP: 17/19
 19511 | Lair:3   | Received a gift from Yredelemnul (a vampire)
 19517 | Lair:3   | Found a staircase to the Snake Pit.
 19685 | Lair:3   | Noticed RKaid's ghost (journeyman DDIE)
 19700 | Lair:3   | Received a gift from Yredelemnul (a wraith)
 19720 | Lair:3   | Killed RKaid's ghost
 19768 | Lair:3   | Received a gift from Yredelemnul (3 flying skulls)
 20081 | Lair:3   | Reached skill level 10 in Invocations
 20805 | Lair:4   | Received a gift from Yredelemnul (a vampire)
 21143 | Lair:4   | Received a gift from Yredelemnul (a skeletal warrior)
 21708 | Lair:5   | Noticed emsyzz's ghost (journeyman MiFi)
 21721 | Lair:5   | Killed emsyzz's ghost
 21740 | Lair:5   | Reached skill level 1 in Dodging
 21752 | Lair:5   | Received a gift from Yredelemnul (a skeletal warrior)
 21779 | Lair:5   | Noticed Kirke
 21786 | Lair:5   | Noticed a sphinx
 21790 | Lair:5   | Paralysed by a sphinx for 4 turns
 21799 | Lair:5   | Killed Kirke
 22670 | Lair:6   | Entered Level 6 of the Lair of Beasts
 22687 | Lair:6   | Received a gift from Yredelemnul (a phantasmal warrior)
 22773 | Lair:6   | Reached XP level 14. HP: 120/129 MP: 22/22
 22860 | Lair:6   | Found a viscous altar of Jiyva.
 22860 | Lair:6   | Found a staircase to the Slime Pits.
 22861 | Lair:6   | Reached ****** piety under Yredelemnul
 22881 | Lair:6   | Found a labyrinth entrance.
 22911 | Lair:6   | Received a gift from Yredelemnul (a flayed ghost)
 23221 | Lair:6   | Reached skill level 10 in Armour
 23752 | Lair:6   | Received a gift from Yredelemnul (a wraith)
 24010 | Lair:6   | Found a large runed door.
 24010 | Lair:6   | Found a large runed door.
 24196 | Lair:6   | Received a gift from Yredelemnul (a wraith)
 24608 | Orc:1    | Entered Level 1 of the Orcish Mines
 24608 | Orc:1    | Found Vuhaw's Armour Boutique.
 24635 | Orc:1    | Bought the +2 cloak of the Thief {+Fog Slay-2 SInv Stlth+} for 301 gold pieces
 24635 | Orc:1    | Found the +2 cloak of the Thief {+Fog Slay-2 SInv Stlth+}
 24720 | Orc:2    | Entered Level 2 of the Orcish Mines
 24736 | Orc:2    | Noticed Azrael
 24748 | Orc:2    | Killed Azrael
 24990 | Orc:2    | Found a staircase to the Elven Halls.
 25035 | Orc:2    | Noticed emsyzz's ghost (journeyman MiFi)
 25050 | Orc:2    | Killed emsyzz's ghost
 25128 | Orc:1    | Received a gift from Yredelemnul (a vampire knight)
 25361 | Orc:1    | Found a roughly hewn altar of Beogh.
 25363 | Orc:1    | Noticed Maurice
 25375 | Orc:1    | Killed Maurice
 25375 | Orc:1    | Enslaved Maurice
 25391 | Orc:1    | Received a gift from Yredelemnul (a flayed ghost)
 25748 | Orc:1    | Found a roughly hewn altar of Beogh.
 25749 | Orc:1    | Noticed Erica
 25755 | Orc:1    | Killed Erica
 25755 | Orc:1    | Enslaved Erica
 25991 | Orc:2    | Found Soery's Distillery.
 25991 | Orc:2    | Found Taeklaq's Magic Scroll Shop.
 25992 | Orc:2    | Found Usiulaur's Armour Emporium.
 25992 | Orc:2    | Found Kuosy's Weapon Emporium.
 26750 | Orc:2    | Found Zezyo's Assorted Antiques.
 26921 | D:13     | Noticed Sonja
 26927 | D:13     | Killed Sonja
 26981 | D:13     | Received a gift from Yredelemnul (a profane servitor)
 26981 | D:13     | Found a gate to the Vaults.
 26981 | D:13     | Noticed Snorg
 26985 | D:13     | Killed Snorg
 27245 | D:13     | Noticed Rupert
 27269 | D:13     | Got an encrusted scale mail
 27280 | D:13     | Identified the +5 scale mail "Xytaar" {Str+2 Slay+2} (You found it on level 13 of the Dungeon)
 27312 | D:13     | Gained mutation: You are clumsy. (Dex -2) [potion of mutation]
 27312 | D:13     | Gained mutation: Your mind is acute. (Int +2) [potion of mutation]
 27312 | D:13     | Gained mutation: You occasionally shout uncontrollably at your foes. [potion of mutation]
 27312 | D:13     | Gained mutation: Your system is resistant to poisons. (rPois) [potion of mutation]
 27313 | D:13     | Lost mutation: Your system is resistant to poisons. (rPois) [potion of mutation]
 27313 | D:13     | Lost mutation: Your mind is acute. (Int +2) [potion of mutation]
 27313 | D:13     | Gained mutation: Your movements are slightly less encumbered by armour. (ER -2) [potion of mutation]
 27313 | D:13     | Gained mutation: Your flesh is heat resistant. (rF+) [potion of mutation]
 27313 | D:13     | Gained mutation: You are somewhat resistant to further mutation. [potion of mutation]
 27346 | D:13     | Lost mutation: Your flesh is heat resistant. (rF+) [potion of mutation]
 27346 | D:13     | Lost mutation: You are clumsy. (Dex -2) [potion of mutation]
 27347 | D:13     | Lost mutation: You occasionally shout uncontrollably at your foes. [potion of mutation]
 27347 | D:13     | Lost mutation: Your movements are slightly less encumbered by armour. (ER -2) [potion of mutation]
 27347 | D:13     | Lost mutation: You are somewhat resistant to further mutation. [potion of mutation]
 27347 | D:13     | Gained mutation: Your muscles are strong. (Str +2) [potion of mutation]
 27347 | D:13     | Gained mutation: You are dopey. (Int -2) [potion of mutation]
 27347 | D:13     | Gained mutation: You have very sharp teeth. [potion of mutation]
 27377 | D:13     | Killed Rupert
 27589 | D:13     | Noticed Erolcha
 27596 | D:13     | Killed Erolcha
 27596 | D:13     | Enslaved Erolcha
 27739 | D:14     | Received a gift from Yredelemnul (a skeletal warrior)
 27807 | D:14     | Noticed Frances
 27811 | D:14     | Reached XP level 15. HP: 128/139 MP: 24/24
 27820 | D:14     | Killed Frances
 27820 | D:14     | Enslaved Frances
 27881 | D:14     | Found a white marble altar of Elyvilon.
 28503 | Snake:1  | Entered Level 1 of the Snake Pit
 28854 | Snake:1  | Received a gift from Yredelemnul (a ghoul)
 29049 | Snake:2  | Noticed Nikola
 29057 | Snake:2  | Killed Nikola
 29057 | Snake:2  | Enslaved Nikola
 29285 | Snake:2  | Reached skill level 15 in Fighting
 29559 | Snake:2  | Found Deckikua's Magic Scroll Shoppe.
 29576 | Snake:2  | Noticed Aizul
 29589 | Snake:2  | Killed Aizul
 29605 | Snake:2  | Received a gift from Yredelemnul (a vampire)
 29606 | Snake:2  | Noticed a nagaraja
 29617 | Snake:2  | Received a gift from Yredelemnul (a skeletal warrior)
 29622 | Snake:2  | Killed a nagaraja
 30319 | Snake:2  | Received a gift from Yredelemnul (a vampire)
 30377 | Snake:2  | Found Sotwyc's Gadget Shoppe.
 30430 | Snake:2  | Found Jekkuogg's Armour Shop.
 30643 | Snake:3  | Received a gift from Yredelemnul (a vampire)
 30677 | Snake:3  | Noticed Asterion
 30679 | Snake:3  | Noticed a balrug
 30682 | Snake:3  | Killed Asterion
 30682 | Snake:3  | Enslaved Asterion
 30683 | Snake:3  | Killed from afar by a balrug

Skill      XL: |  1  2  3  4  5  6  7  8  9 10 11 12 13 14 15 |
---------------+----------------------------------------------+-----
Axes           | 3 4 5 6 8 10 12 14 15 | 15.4
Fighting       | 4 5 6 8 10 11 12 13 14 15 | 15.7
Shields        | 4 5 6 7 9 10 11 12 13 14 | 14.7
Armour         | 4 7 9 11 | 11.9
Stealth        | 1 |  1.2
Invocations    | 2 6 8 10 12 14 | 14.1
Maces & Flails | 4 |  4.9
Dodging        | 1 3 |  3.1

Action                   |  1- 3 |  4- 6 |  7- 9 | 10-12 | 13-15 || total
-------------------------+-------+-------+-------+-------+-------++-------
Melee: War axe           |   117 |   184 |   332 |   769 |   695 ||  2097
       Mace              |       |       |       |   100 |    49 ||   149
       Bite              |       |       |       |       |    35 ||    35
Invok: Animate Remains   |       |       |       |     6 |       ||     6
       Animate Dead      |       |       |       |    31 |    17 ||    48
       Recall Undead Sla |       |       |       |     2 |    16 ||    18
       Injury Mirror     |       |       |       |     2 |       ||     2
       Drain Life        |       |       |       |     1 |     7 ||     8
       Enslave Soul      |       |       |       |       |    10 ||    10
  Use: Scroll            |       |     6 |     6 |     4 |     9 ||    25
       Potion            |       |       |     8 |     4 |    13 ||    25
 Stab: Distracted        |       |       |       |     2 |    16 ||    18
       Confused          |       |       |       |     2 |       ||     2
       Paralysed         |       |       |       |       |     2 ||     2
  Eat: Chunk             |     1 |     7 |    10 |    16 |    24 ||    58
       Ration            |       |       |     2 |     9 |     8 ||    19
Armor: Scale mail        |    70 |     6 |       |       |   108 ||   184
       Chain mail        |       |    95 |   125 |   181 |       ||   401
       Plate armour      |       |       |       |   130 |   228 ||   358
       Skin              |       |       |       |       |     1 ||     1
Dodge: Dodged            |    47 |    34 |    69 |   155 |   173 ||   478
Block: Shield            |    82 |   101 |   151 |   356 |   425 ||  1115
